 Dungeon Crawl Stone Soup version 0.26.1-11-gd32895ea62 (webtiles) character file.

Game seed: 5961991720100416423

308 nomophobia the Chopper (level 6, -11/48 HPs)
             Began as a Demonspawn Berserker on May 21, 2021.
             Was a Believer of Trog.
             Killed from afar by a gnoll (21 damage)
             ... with a bolt of acid
             ... on level 3 of the Dungeon.
             The game lasted 00:31:28 (3277 turns).

nomophobia the Chopper (Demonspawn Berserker)       Turns: 3277, Time: 00:31:28

Health: -11/48     AC: 16    Str: 19    XL:     6   Next: 17%
Magic:  6/6        EV:  6    Int:  8    God:    Trog [**....]
Gold:   149        SH:  0    Dex: 13    Spells: 5/5 levels left

rFire    . . .     SeeInvis .   a - +0 hand axe
rCold    . . .     Faith    .   (no shield)
rNeg     . . .     Spirit   .   c - +0 plate armour
rPois    .         Reflect  .   (helmet restricted)
rElec    .         Harm     .   (no cloak)
rCorr    .         Rampage  .   (no gloves)
Will     .....                  q - +2 pair of boots
Stlth    ..........             (no amulet)
HPRegen  0.16/turn              (no ring)
MPRegen  0.10/turn              (no ring)

@: corroded, sanguine armour, berserk cooldown, slowed, very slow
A: antennae 1, sanguine armour 1
a: Renounce Religion, Berserk, Trog's Hand


You were on level 3 of the Dungeon.
You worshipped Trog.
Trog was pleased with you.
You visited 1 branch of the dungeon, and saw 3 of its levels.

You collected 149 gold pieces.

Inventory:

Hand Weapons
 a - a +0 hand axe (weapon)
Armour
 c - a +0 plate armour (worn)
 q - a +2 pair of boots (worn)
Jewellery
 j - a cursed ring of attention {unknown}
 l - a +6 ring of dexterity {unknown}
Wands
 b - a wand of enslavement (8)
 m - a wand of flame (16)
Scrolls
 h - 6 scrolls of identify
 i - 2 scrolls of teleportation
Potions
 d - 2 potions of curing {unknown}
 f - 2 potions of attraction {unknown}
 g - 2 potions of might {unknown}
 n - a potion of degeneration {unknown}
 p - a potion of haste {unknown}


   Skills:
 + Level 4.1 Fighting
 * Level 4.5 Axes
 * Level 3.8 Armour
 - Level 1.8 Dodging


You had 5 spell levels left.
You didn't know any spells.
Your spell library was empty.

Dungeon Overview and Level Annotations

Branches:
Dungeon (3/15)

Altars:

Annotations:
D:3 1 transporter, nomophobia's ghost, amateur DDFi


Innate Abilities, Weirdness & Mutations

You have a pair of small antennae on your head.
When seriously injured, your bleeding wounds create armour. (AC +6)


Message History

You are exhausted.
You feel yourself slow down.
The gnoll shouts!
The gnoll hits you with a +0 halberd.
You hit the gnoll.
The gnoll is lightly wounded.
The gnoll hits you but does no damage.
You completely miss the gnoll.
The gnoll is lightly wounded.
You closely miss the gnoll. The gnoll hits you but does no damage.
The gnoll hits you with a +0 whip. x2
* * * LOW HITPOINT WARNING * * *
The gnoll hits you with a +0 halberd.
* * * LOW HITPOINT WARNING * * *
The gnoll hits you but does no damage.
The gnoll hits you from afar with a +0 halberd.
* * * LOW HITPOINT WARNING * * *
There is an open translucent door here.
The gnoll zaps a wand.
The bolt of acid hits you!!
You die...

#..≈≈≈≈≈≈≈≈≈≈≈≈≈≈≈≈≈≈≈≈≈≈≈≈≈..#.
#..≈≈#####...........#####≈≈....
#..≈≈#.8.#.###.©.###.#.8.#≈≈....
#..≈≈#...###g#####©###..W#≈≈....
#..≈≈###...............###≈≈....
#..≈≈.8#.######'###'##.#8.≈≈....
##..≈≈.##.#$,,#8..#...#.##.≈≈....
....≈≈.#g.'.,,#⌠©)....'..#.≈≈....
....≈≈.##g#..,#8@.#...#.##.≈≈....
....≈≈.8#.######g###'##.#8.≈≈....
....≈≈###........g.gg...###≈≈....
....≈≈#...###.#####.###...#≈≈....
....≈≈#g8.#.###.©.###.#g8g#≈≈....
....≈≈#####...........#####≈≈..##
....≈≈≈≈≈≈≈≈≈≈≈...≈≈≈≈≈≈≈≈≈≈≈..#
....≈≈≈≈≈≈≈≈≈≈≈...≈≈≈≈≈≈≈≈≈≈≈..#
...............................#


You could see 2 gnolls.

Vanquished Creatures
  Sigmund (D:2)
  Robin (D:2)
  5 adders
  2 gnolls (D:3)
  An ooze (D:2)
  3 leopard geckos
  6 bats
  4 giant cockroaches
  13 goblins
  12 hobgoblins
  7 kobolds
  A quokka (D:3)
  3 ball pythons
  3 frilled lizards
  5 rats
67 creatures vanquished.

Vanquished Creatures (others)
  6 plants (D:3)
6 creatures vanquished.

Grand Total: 73 creatures vanquished

Notes
Turn   | Place    | Note
-------+----------+-------------------------------------------
     0 | D:1      | nomophobia the Demonspawn Berserker began the quest for the
                  | Orb.
     0 | D:1      | Reached XP level 1. HP: 18/18 MP: 1/1
   343 | D:1      | Gained mutation: You have a pair of small antennae on your
                  | head. [demonic ancestry]
   343 | D:1      | Reached XP level 2. HP: 22/24 MP: 2/2
  1355 | D:2      | Noticed Robin
  1427 | D:2      | Gained mutation: When seriously injured, your bleeding
                  | wounds create armour. (AC +6) [demonic ancestry]
  1427 | D:2      | Reached XP level 3. HP: 29/29 MP: 3/3
  1435 | D:2      | Killed Robin
  1704 | D:2      | Reached ** piety under Trog
  1769 | D:2      | Reached XP level 4. HP: 35/35 MP: 4/4
  1945 | D:2      | Noticed Sigmund
  1959 | D:2      | Killed Sigmund
  1960 | D:2      | Reached XP level 5. HP: 20/42 MP: 5/5
  2166 | D:2      | Reached XP level 6. HP: 40/48 MP: 6/6
  2806 | D:3      | Found a transporter.
  2808 | D:3      | Identified the cursed +1 halberd of the Endless Expanse
                  | {pain, rPois rC+ Will+ Str-3}
  2865 | D:3      | Found a transporter.
  3230 | D:3      | Noticed nomophobia's ghost (amateur DDFi)
  3277 | D:3      | Killed from afar by a gnoll

Illustrated notes

Levels and vault maps discovered:
D:1:      sevenhm_arrival_forest_fort_large_2, layout_basic
D:2:      minmay_recursive_quarters, layout_basic, uniq_sigmund, uniq_robin
D:3:      layout_basic, gammafunk_ghost_gnarly_gnolls

Skill      XL: |  1  2  3  4 |
---------------+-------------+-----
Axes           | 3 4 |  4.5
Armour         | 2 3 |  3.8
Fighting       | 4 |  4.1
Dodging        | |  1.8

Action                   |  1- 3 |  4- 6 || total
-------------------------+-------+-------++-------
Melee: Hand axe          |   116 |   130 ||   246
Invok: Berserk           |     3 |     3 ||     6
  Use: Scroll            |       |     7 ||     7
Armor: Plate armour      |   103 |    97 ||   200
Dodge: Dodged            |    39 |    55 ||    94
